 Dungeon Crawl Stone Soup version 0.18.1-50-g88ac8fd (webtiles) character file.

30 Nordron the Changer (level 3, 0/24 HPs)
             Began as an Octopode Transmuter on Sept 24, 2016.
             Slain by an orc priest
             ... wielding a +0 mace
              (8 damage)
             ... on level 3 of the Dungeon.
             The game lasted 00:07:12 (1403 turns).

Nordron the Changer (Octopode Transmuter)           Turns: 1403, Time: 00:07:12

Health: 0/24       AC:  1    Str:  9    XL:     3   Next: 20%
Magic:  15/15      EV: 12    Int: 15    God:
Gold:   89         SH:  0    Dex: 13    Spells: 2 memorised, 2 levels left

rFire  . . .     SeeInvis .       - Unarmed
rCold  . . .     Gourm    .     (no shield)
rNeg   . . .     Faith    .     (helmet restricted)
rPois  .         Spirit   .     (no amulet)
rElec  .         Dismiss  .     h - ring of magical power
rCorr  .         Reflect  .     j - ring of loudness (curse)
SustAt .         Harm     .     (no ring)
MR     .....                    (no ring)
Stlth  +.........               (no ring)
                                (no ring)
                                (no ring)
                                (no ring)

@: appendage, not resistant to hostile enchantments, very unstealthy
A: almost no armour, amphibious, 8 rings, constrict 8, tentacle spike 3,
camouflage 1, gelatinous body 1
a: End Transformation


You were on level 3 of the Dungeon.
You were not hungry.
One of your tentacles had a temporary spike.
You visited 1 branch of the dungeon, and saw 3 of its levels.

You collected 89 gold pieces.

Inventory:

Missiles
 a - 48 arrows
Jewellery
 h - a ring of magical power (left tentacle)
 j - a cursed ring of loudness (right tentacle)
Scrolls
 e - 3 scrolls of teleportation {unknown}
 f - 4 scrolls of fear {unknown}
 l - a scroll of amnesia {unknown}
 m - a scroll of noise {unknown}
Potions
 g - 3 potions of degeneration {unknown}
 k - a potion of flight {unknown}
 o - a potion of haste {unknown}
Books
 b - a book of Changes

   Spells                             Type                      Level
   a - Beastly Appendage              Transmutation                1
   b - Sticks to Snakes               Transmutation                2
   c - Spider Form                    Transmutation/Poison         3
   d - Ice Form                       Ice/Transmutation            4
   e - Blade Hands                    Transmutation                5
Comestibles
 c - 3 bread rations
 d - a meat ration
 i - a royal jelly


   Skills:
 + Level 1.8 Fighting
 - Level 2.0 Dodging
 - Level 3.0 Unarmed Combat
 - Level 2.0 Spellcasting
 * Level 3.1 Transmutations


You had 2 spell levels left.
You knew the following spells:

 Your Spells              Type           Power        Failure   Level  Hunger
a - Beastly Appendage     Trmt           ##....       8%          1    #......
b - Spider Form           Trmt/Pois      #.........   34%         3    ###....


Dungeon Overview and Level Annotations

Branches:
Dungeon (3/15)

Altars:
Ashenzari
Xom


Innate Abilities, Weirdness & Mutations

You cannot wear most types of armour.
You are amphibious.
You can wear up to eight rings at the same time.
You can use your tentacles to constrict eight enemies at once.
Your skin changes colour to match your surroundings (Stealth).
Your rubbery body absorbs attacks (AC +1).
One of your tentacles bears a large vicious spike.


Message History

The orc shouts!
You tentacle-slap the orc priest but do no damage.
You grab the orc priest.
You squeeze the orc priest, but do no damage.
You constrict the orc priest, but do no damage.
The orc priest barely misses you.
You tentacle-slap the orc priest but do no damage.
You pierce the orc priest, but do no damage.
You squeeze the orc priest, but do no damage.
You constrict the orc priest.
You tentacle-slap the orc priest but do no damage.
You pierce the orc priest, but do no damage.
The orc priest is lightly wounded.
You constrict the orc priest, but do no damage.
The orc priest misses you.
A giant cockroach comes into view.
You tentacle-slap the orc priest but do no damage.
The orc priest is lightly wounded.
You constrict the orc priest. The orc priest hits you with a mace!
You die...

#.#
#.#
#.#
#.#
###
#.#
...
#.#
##
#.#
.#
#.#
.#
#@#
.#
#o#
.#
#o#
.#
#o#
##
#.#
..#
..#
s.#


You could see an orc priest, 2 orcs and a giant cockroach.

Vanquished Creatures
  A worm (D:2)
  A dart slug (D:2)
  2 giant geckos
  An orc (D:3)
  A giant cockroach (D:2)
  2 goblins
  2 hobgoblins
  5 kobolds
  3 bats
  3 rats
21 creatures vanquished.

Notes
Turn   | Place    | Note
--------------------------------------------------------------
     0 | D:1      | Nordron the Octopode Transmuter began the quest for the Orb.
     0 | D:1      | Reached XP level 1. HP: 13/13 MP: 3/3
    45 | D:1      | Found a shattered altar of Ashenzari.
   449 | D:2      | Found a shattered altar of Ashenzari.
   451 | D:2      | Found a shimmering altar of Xom.
   566 | D:2      | Reached XP level 2. HP: 18/18 MP: 5/5
  1125 | D:2      | Reached XP level 3. HP: 23/23 MP: 6/6
  1130 | D:2      | Learned a level 3 spell: Spider Form
  1403 | D:3      | Slain by an orc priest

Skill      XL: |  1  2 |
---------------+-------+-----
Transmutations | 3 |  3.1
Fighting       | |  1.8
Dodging        | |  2.0
Unarmed Combat | |  3.0
Spellcasting   | |  2.0

Action                   || total
-------------------------++-------
Melee: Unarmed           ||    51
       Constrict         ||    15
       Kick              ||    13
       Tentacles         ||     9
       Punch             ||     4
 Cast: Beastly Appendage ||    18
 Stab: Sleeping          ||     1
  Eat: Chunk             ||     2
Armor: Skin              ||     2
Dodge: Dodged            ||    29
